 Dungeon Sprint DCSS version 0.31-a0-142-g31f6795574 (webtiles) character file.

Game seed: 3036816661088010188

132 Conn the Firebug (level 5, -7/31 HPs)
             Began as an Octopode Fire Elementalist on June 3, 2023.
             Mangled by a neqoxec (13 damage)
             ... in the Dungeon (Sprint II: "The Violet Keep of Menkaure").
             The game lasted 00:01:31 (19 turns).

Conn the Firebug (Octopode Fire Elementalist)         Turns: 19, Time: 00:01:31

Health: -7/31      AC:  1    Str:  8      XL:     5   Next: 15%
Magic:  5/12       EV: 14    Int: 18 (19) God:
Gold:   0          SH:  0    Dex: 12      Spells: 13/14 levels left

rFire   . . .        (no weapon)
rCold   x . .        (no shield)
rNeg    . . .        (helmet restricted)
rPois   .            (no amulet)
rElec   .            (no ring)
rCorr   .            (no ring)
SInv    .            (no ring)
Will    .....        (no ring)
Stlth   ++++         (no ring)
HPRegen 0.25/turn    (no ring)
MPRegen 0.13/turn    (no ring)
                     (no ring)

%: no teleportation
@: on berserk cooldown, hasted and slowed
A: almost no armour, amphibious, 8 rings, camouflage 1, gelatinous body 1,
(nimble swimmer 1), tentacles, deterioration 1, cold vulnerability 1
a: no special abilities


You were in the Dungeon.
You visited 1 branch

Inventory:

Scrolls
 f - a scroll of blinking
Potions
 a - 3 potions of magic
 b - a potion of curing
 c - a potion of heal wounds


   Skills:
 + Level 3.4 Dodging
 + Level 4.4 Stealth
 * Level 5.1 Spellcasting
 * Level 3.8 Conjurations
 + Level 6.8 Fire Magic


You had 13 spell levels left.
You knew the following spells:

 Your Spells              Type           Power      Damage    Failure   Level
a - Foxfire               Conj/Fire      92%        2x1d8     1%          1

Your spell library contained the following spells:

 Spells                   Type           Power      Damage    Failure   Level
 Scorch                   Fire           58%        2d7       1%          2
 Inner Flame              Hex/Fire       16%        N/A       10%         3
 Volatile Blastmotes      Fire/Tloc      32%        2d12      10%         3
 Flame Wave               Conj/Fire      23%        2d8       14%         4


Dungeon Overview and Level Annotations

Branches:
Dungeon (1/1)

Altars:


Innate Abilities, Weirdness & Mutations

You cannot wear most types of armour.
You are amphibious.
You can wear up to eight rings at the same time.
Your skin changes colour to match your surroundings (Stealth+).
Your rubbery body absorbs attacks. (AC +1, EV +1)
((You are camouflaged when in or above water. (Stealth+)))
You have tentacles for arms and can constrict up to eight enemies at once.
Your body sometimes deteriorates upon taking damage.
You are vulnerable to cold. (rC-)


Message History

Something feeds on your intellect!
Unknown command.
You release your grip on the neqoxec.
There is an open door here.
Okay, then.
Unknown command.
Unknown command.
Unknown command.
Unknown command.
Okay, then.
Unknown command.
Unknown command.
Okay, then.
Unknown command.
Unknown command.
You closely miss the neqoxec. You grab the neqoxec. You squeeze the neqoxec.
The neqoxec is lightly wounded.
You constrict the neqoxec, but do no damage.
The neqoxec closely misses you.
You tentacle-slap the neqoxec but do no damage.
You squeeze the neqoxec.
The neqoxec is moderately wounded.
You constrict the neqoxec. The neqoxec barely misses you.
You tentacle-slap the neqoxec but do no damage.
Your squeeze misses the neqoxec.
The neqoxec is moderately wounded.
You constrict the neqoxec. The neqoxec hits you!
* * * LOW HITPOINT WARNING * * *
Unknown command.
Unknown command.
You tentacle-slap the neqoxec but do no damage.
The neqoxec is heavily wounded.
You constrict the neqoxec, but do no damage.
The neqoxec gestures at you.
Strange energies course through your body.
You feel yourself wasting away.
You tentacle-slap the neqoxec but do no damage.
The neqoxec is heavily wounded.
You constrict the neqoxec. The neqoxec hits you!
You die...

#+#
##.##
+.<.+
##.##
#@##
##3#
##.#
##


You could see a neqoxec.

Vanquished Creatures
  A neqoxec (D)
1 creature vanquished.

Notes
Turn   | Place    | Note
-------+----------+-------------------------------------------
     0 | D        | Conn the Octopode Fire Elementalist began the quest for the
                  | Orb.
     0 | D        | Reached XP level 1. HP: 11/11 MP: 3/3
     1 | D        | Noticed a neqoxec
     8 | D        | Killed a neqoxec
     8 | D        | Noticed a neqoxec
     9 | D        | Reached skill level 5 in Spellcasting
     9 | D        | Reached skill level 6 in Fire Magic
     9 | D        | Reached XP level 2. HP: 12/17 MP: 4/8
     9 | D        | Reached XP level 3. HP: 15/21 MP: 4/9
     9 | D        | Reached XP level 4. HP: 19/27 MP: 4/11
     9 | D        | Reached XP level 5. HP: 22/31 MP: 4/12
    10 | D        | Gained mutation: You are vulnerable to cold. (rC-) [a
                  | neqoxec]
    18 | D        | Gained mutation: Your body sometimes deteriorates upon
                  | taking damage. [a neqoxec]
    19 | D        | Mangled by a neqoxec

Illustrated notes

Levels and vault maps discovered:
D:        the_violet_keep_of_menkaure [sprint2_stairs_cluster_1,
          sprint2_shoproom, sprint2_temple, sprint2_basic_supplies,
          sprint2_obstacle_6, sprint2_obstacle_3, sprint2_obstacle_7,
          sprint2_obstacle_1, sprint2_obstacle_5, sprint2_timed_cluster_1,
          sprint2_smallroom_cluster_1, sprint2_smallroom_final_cluster_1,
          sprint2_transparent_cluster_1, sprint2_second_timed_cluster_1,
          sprint2_sniper_area_1, sprint2_heavy_combat_area_1,
          sprint2_mutation_trap_area_1, sprint2_forest_area_1,
          sprint2_light_combat_area_1, sprint2_behind_water_1,
          sprint2_near_end_vault_1]

Skill      XL: |  1 |
---------------+----+-----
Dodging        | 3 |  3.4
Stealth        | 4 |  4.4
Spellcasting   | 5 |  5.1
Conjurations   | 3 |  3.8
Fire Magic     | 6 |  6.8

Action                     |  1- 3 |  4- 6 || total
---------------------------+-------+-------++-------
  Melee: Unarmed           |     4 |     7 ||    11
         Tentacles         |     1 |     4 ||     5
         Constrict         |     1 |     2 ||     3
    Use: Potion            |     2 |       ||     2
  Dodge: Dodged            |       |     4 ||     4

Table legend: (Time is in decaauts)
 A = Elapsed time spent in this place.
 B = Non-inter-level travel time spent in this place.
 C = Inter-level travel time spent in this place.
 D = Time resting spent in this place.
 E = Time spent auto-exploring this place.
 F = Levels seen in this place.
 G = Mean time per level.
                   A        B        C        D        E       F      G
               +--------+--------+--------+--------+--------+-----+--------+
         Total |     16 |     16 |      0 |      0 |      0 |   1 |   16.0 |
       Dungeon |     16 |     16 |      0 |      0 |      0 |   1 |   16.0 |
               +--------+--------+--------+--------+--------+-----+--------+

Top non-repeatable levels by time:
       D: 16 daAuts
